AoeStats
← BottleDry

Lombardia

509195137Analyzed
4v4 RM · 6d ago on Sep 25, 2026· 54m 48s· 8 players
Game mode
Random Map
Map size
Large (8 player)
Population
200
Speed
Normal
Resources
Standard
Victory
Conquest
Starting age
Dark Age
Ending age
Imperial Age
RankedLock teamsTeams togetherTeam positionsShared explorationLock speedFull tech treeHidden civsTurbo modeCheats
Victory
Defeat
🇩🇪 Cumans · Germany
1373
+4
🇹🇷 Portuguese · Türkiye
1012
+15
🇩🇪 Franks · Germany
947
+18
🇩🇪 Danes · Germany
509
+30
🇰🇿 Danes · Kazakhstan
993
-17
🇨🇿 Italians · Czechia
989
-17
🇦🇷 Lithuanians · Argentina
977
-17
🇺🇸 Saxons · United States
960
-16
Miky UCDT
9:53 Feudal Age
11:43 Loom
15:12 Castle Age
14:15 Double-Bit Axe
16:33 Wheelbarrow
16:45 Horse Collar
21:18 Stone Mining
22:29 Town Watch
26:02 Stone Shaft Mining
26:41 Hand Cart
28:54 Town Patrol
32:00 Imperial Age
29:35 Heavy Plow
29:50 Bow Saw
29:49 Scale Barding Armor
29:54 Forging
30:39 Husbandry
30:49 Bloodlines
31:46 Gold Mining
32:18 Chain Barding Armor
32:08 Forging
33:18 Crop Rotation
32:39 Elite Leitis
34:25 Plate Barding Armor
34:26 Iron Casting
37:04 Masonry
36:35 Treadmill Crane
36:19 Light Cavalry
37:51 Town Patrol
37:59 Winged Hussar
41:38 Fletching
43:03 Cavalier
46:09 Two-Man Saw
46:44 Bodkin Arrow
46:42 Paladin
51:19 Chemistry
50:49 Architecture
BottleDry
8:08 Loom
10:25 Feudal Age
11:15 Double-Bit Axe
11:14 Horse Collar
16:54 Castle Age
16:24 Stone Mining
16:26 Gold Mining
16:30 Man-at-Arms
18:08 Heavy Plow
25:22 Wheelbarrow
25:17 Fletching
26:43 Clerical Recruitment
32:30 Imperial Age
30:12 Scale Mail Armor
30:22 Forging
30:41 Gambesons
30:56 Squires
30:41 Arson
32:03 Chain Mail Armor
32:24 Iron Casting
32:18 Hand Cart
31:49 Town Watch
32:53 Bodkin Arrow
33:34 Padded Archer Armor
34:05 Conscription
33:08 Shield Wall
34:34 Plate Mail Armor
33:36 Elite Skirmisher
35:32 Chemistry
35:42 Town Patrol
37:08 Guilds
37:35 Ballistics
38:42 Bow Saw
39:32 Crop Rotation
39:31 Bracer
39:47 Leather Archer Armor
40:05 Cavalier
41:58 Ring Archer Armor
41:34 Scale Barding Armor
41:32 Husbandry
41:43 Bloodlines
40:54 Light Cavalry
42:58 Murder Holes
43:13 Fortified Wall
42:47 Treadmill Crane
44:23 Onager
Zuzujj
11:23 Feudal Age
10:41 Loom
13:52 Double-Bit Axe
16:19 Castle Age
17:17 Horse Collar
20:18 Wheelbarrow
23:48 Bow Saw
26:17 Gold Mining
27:57 Fletching
28:08 Padded Archer Armor
31:25 Imperial Age
30:05 Bodkin Arrow
30:26 Leather Archer Armor
30:22 Forging
30:17 Scale Barding Armor
30:15 Light Cavalry
31:08 Husbandry
31:24 Bloodlines
32:12 Thumb Ring
33:37 Ballistics
34:18 Chemistry
32:59 Light Cavalry
34:35 Bracer
35:06 Ring Archer Armor
37:16 Hand Cart
37:05 Elite Genoese Crossbowman
40:54 Elite Skirmisher
42:19 Hussar
45:38 Chain Barding Armor
45:54 Iron Casting
SULT
2:35 Loom
10:54 Feudal Age
11:43 Double-Bit Axe
15:15 Gold Mining
15:21 Stone Mining
18:17 Wheelbarrow
20:12 Castle Age
18:33 Arson
19:29 Forging
19:37 Scale Mail Armor
23:14 Gold Shaft Mining
22:27 Horse Collar
22:59 Bow Saw
25:50 Squires
28:20 Gambesons
30:39 Heavy Plow
30:33 Fletching
30:43 Padded Archer Armor
31:02 Murder Holes
31:49 Iron Casting
33:29 Hand Cart
35:49 Imperial Age
33:07 Town Watch
33:59 Thumb Ring
34:21 Chain Mail Armor
34:36 Elite Skirmisher
35:39 Bodkin Arrow
36:00 Leather Archer Armor
36:46 Hand Cart
35:58 Pikeman
37:04 Elite Jomsviking
38:09 Conscription
37:26 Onager
37:53 Cranequins
39:18 Bracer
39:48 Ring Archer Armor
41:23 Hamask
41:27 Northmen's Fury
46:53 Siege Onager
49:17 Chemistry
48:38 Ballistics
48:24 Siege Engineers
48:30 Masonry
BLONDYN
0:46 Loom
12:26 Feudal Age
13:30 Gold Mining
13:31 Stone Mining
13:43 Double-Bit Axe
21:30 Castle Age
22:50 Gold Shaft Mining
22:21 Husbandry
22:51 Bow Saw
23:40 Caravan
26:27 Wheelbarrow
28:07 Forging
28:38 Hand Cart
29:49 Iron Casting
29:45 Scale Barding Armor
31:20 Chain Barding Armor
31:00 Scale Mail Armor
31:20 Fortified Wall
30:51 Treadmill Crane
32:03 Fletching
31:49 Pikeman
33:15 Town Watch
34:14 Town Patrol
35:06 Squires
34:52 Arson
36:08 Masonry
36:19 Ballistics
35:55 Murder Holes
36:27 Chain Mail Armor
36:08 Bodkin Arrow
36:41 Ordonnance Companies
41:43 Imperial Age
41:50 Elite Throwing Axeman
42:31 Chivalry
42:52 Conscription
41:54 Cavalier
43:05 Halberdier
44:23 Hoardings
48:52 Blast Furnace
48:22 Plate Mail Armor
48:27 Plate Barding Armor
48:56 Chemistry
48:26 Architecture
53:24 Paladin
metro86
4:21 Loom
12:29 Feudal Age
17:03 Castle Age
15:23 Double-Bit Axe
22:01 Bow Saw
21:34 Horse Collar
26:06 Heavy Plow
28:07 Stone Mining
29:36 Wheelbarrow
30:25 Hamask
32:05 Scale Mail Armor
33:22 Forging
36:07 Hand Cart
36:07 Town Watch
37:06 Caravan
38:23 Iron Casting
38:04 Chain Mail Armor
40:30 Imperial Age
38:03 Town Patrol
38:45 Gold Mining
40:34 Fletching
40:45 Padded Archer Armor
40:50 Scale Barding Armor
40:53 Elite Jomsviking
41:02 Northmen's Fury
43:12 Conscription
45:44 Chemistry
46:13 Capped Ram
51:44 Coinage
51:38 Ballistics
51:31 Siege Ram
Bittersweet_Ww
7:57 Loom
11:32 Feudal Age
12:38 Double-Bit Axe
12:34 Horse Collar
17:44 Castle Age
19:58 Bow Saw
19:49 Heavy Plow
25:01 Wheelbarrow
31:48 Imperial Age
29:34 Hand Cart
29:04 Town Watch
31:37 Caravan
31:53 Elite Organ Gun
33:09 Conscription
33:22 Town Watch
34:45 Arquebus
35:12 Ballistics
35:03 Masonry
35:36 Sappers
36:39 Forging
36:29 Scale Mail Armor
36:35 Scale Barding Armor
36:21 Fletching
36:31 Padded Archer Armor
38:02 Iron Casting
38:10 Iron Casting
37:25 Fletching
40:19 Chemistry
42:20 Blast Furnace
41:25 Scale Barding Armor
41:35 Chain Mail Armor
41:17 Bodkin Arrow
41:22 Padded Archer Armor
41:34 Town Patrol
42:10 Crop Rotation
42:27 Guilds
48:08 Chain Barding Armor
47:49 Bracer
48:07 Bloodlines
47:58 Husbandry
47:19 Light Cavalry
50:24 Plate Barding Armor
lumpensammler666
8:50 Feudal Age
8:42 Loom
9:31 Double-Bit Axe
9:58 Horse Collar
19:19 Castle Age
19:43 Wheelbarrow
20:21 Bow Saw
21:17 Hand Cart
21:17 Bow Saw
21:10 Heavy Plow
21:54 Fletching
23:10 Stone Mining
23:11 Gold Mining
24:53 Bodkin Arrow
25:24 Padded Archer Armor
26:20 Gold Shaft Mining
26:46 Leather Archer Armor
29:37 Imperial Age
30:08 Caravan
30:39 Bloodlines
31:01 Ring Archer Armor
31:11 Conscription
32:13 Chemistry
31:29 Elite Kipchak
32:33 Town Watch
33:12 Ballistics
33:03 Masonry
33:55 Parthian Tactics
33:36 Thumb Ring
34:30 Steppe Husbandry
34:32 Cuman Mercenaries
35:31 Murder Holes
36:48 Scale Barding Armor
36:54 Forging
37:52 Capped Ram
38:34 Light Cavalry
38:40 Cavalier
40:22 Paladin
42:10 Chain Barding Armor
42:26 Iron Casting
Connection lost

Rejoining the realm…

Still unreachable

The connection could not be restored.

Session expired

The server has moved on; the page needs a fresh start.